 Dungeon Crawl Stone Soup version 0.26-a0-649-gf8c6c3aab7 (webtiles) character file.

Game seed: 9229334331979614555

16354 grandjackal the Commander (level 12, 0/101 HPs)
             Began as a Demonspawn Gladiator on Sept 27, 2020.
             Was a High Priest of Okawaru.
             Slain by a slime creature (15 damage)
             ... on level 12 of the Dungeon.
             The game lasted 00:20:08 (11822 turns).

grandjackal the Commander (Demonspawn Gladiator)   Turns: 11822, Time: 00:20:09

Health: 0/101      AC: 13    Str: 19    XL:     12   Next: 9%
Magic:  28/28      EV: 19    Int: 10    God:    Okawaru [*****.]
Gold:   1794       SH:  0    Dex: 20    Spells: 11/11 levels left

rFire    + + .     SeeInvis +   N - +0 long sword (elec)
rCold    + + .     Faith    .   (no shield)
rNeg     . . .     Spirit   .   J - +2 leather armour {rF+}
rPois    .         Reflect  .   y - +3 helmet of Purpose {Harm rC++ Dex+5}
rElec    .         Harm     +   D - +0 cloak
rCorr    .         Rampage  .   (no gloves)
MR       .....                  (no boots)
Stlth    +.........             f - amulet of regeneration
HPRegen  1.66/turn              c - ring of magical power
MPRegen  0.21/turn              C - ring of see invisible

@: no status effects
A: hooves 1, rugged brown scales 2, fire resistance 1, powered by death 3, flame
cloud immunity
a: Heroism, Finesse, Renounce Religion


You were on level 12 of the Dungeon.
You worshipped Okawaru.
Okawaru was extremely pleased with you.
You visited 2 branches of the dungeon, and saw 13 of its levels.
You also visited: Ossuary and Bailey.

You collected 1794 gold pieces.

Inventory:

Hand Weapons
 o - a +1 short sword of protection
 F - a +0 shortbow
 K - a +0 trident
 N - a +0 long sword of electrocution (weapon)
Missiles
 d - 4 throwing nets (quivered)
 G - 207 arrows
Armour
 y - the +3 helmet of Purpose (worn) {Harm rC++ Dex+5}
   (You took it off Robin on level 4 of the Dungeon)

   It affects your dexterity (+5).
   It greatly protects you from cold.
   It increases damage dealt and taken.
 D - a +0 cloak (worn)
 H - +0 ice dragon scales
 J - a +2 leather armour of fire resistance (worn)
 L - +0 acid dragon scales
Jewellery
 c - a ring of magical power (left hand)
 f - an amulet of regeneration (around neck)
 C - a ring of see invisible (right hand)
Wands
 k - a wand of random effects (9)
 m - a wand of enslavement (9)
 r - a wand of polymorph (17)
 x - a wand of flame (21)
Scrolls
 b - 11 scrolls of remove curse
 e - 2 scrolls of enchant weapon
 p - 9 scrolls of teleportation
 s - 5 scrolls of identify
 t - a scroll of silence
 u - a scroll of magic mapping
 v - 2 scrolls of blinking
 w - a scroll of immolation
 A - 2 scrolls of fear
 B - 2 scrolls of fog
 E - 2 scrolls of enchant armour
 O - a scroll of torment {unknown}
Potions
 a - a potion of berserk rage
 g - 2 potions of heal wounds
 h - 9 potions of curing
 i - 3 potions of haste
 j - 2 potions of flight
 l - 2 potions of stabbing
 n - a potion of lignification
 q - 5 potions of brilliance
 z - 2 potions of mutation
 M - a potion of might
Miscellaneous
 I - a tin of tremorstones (2/3)


   Skills:
 + Level 9.8 Fighting
 + Level 9.3 Long Blades
 + Level 4.4 Bows
 - Level 1.7 Throwing
 - Level 5.4 Armour
 + Level 9.3 Dodging
 + Level 10.1 Invocations


You had 11 spell levels left.
You didn't know any spells.
Your spell library contained the following spells:

 Spells                   Type           Power        Failure   Level
 Animate Skeleton         Necr           #.....       41%         1
 Beastly Appendage        Tmut           #.....       41%         1
 Pain                     Necr           #...         41%         1
 Wereblood                Tmut           #.......     54%         2
 Spider Form              Tmut/Pois      #.........   78%         3
 Vampiric Draining        Necr           #.........   78%         3
 Animate Dead             Necr           #.........   99%         4
 Ice Form                 Ice/Tmut       #.......     99%         4
 Agony                    Necr           #.......     100%        5
 Blade Hands              Tmut           #.........   100%        5


Dungeon Overview and Level Annotations

Branches:
Dungeon (12/15)            Temple (1/1) D:5            Lair (0/6) D:9
Ossuary (visited)          Bailey (visited)
    Orc: D:9-12

Altars:
Ashenzari
Dithmenos
Hepliaklqana
Kikubaaqudgha
Nemelex Xobeh
Okawaru
Qazlal
Ru
Trog
Uskayaw
Vehumet
Wu Jian
Xom
The Shining One
Beogh

Shops:
D:8 *}


Innate Abilities, Weirdness & Mutations

You have large cloven feet.
You are mostly covered in rugged brown scales. (AC +2, +5% HP)
Your flesh is heat resistant. (rF+)
You regenerate a lot of health from kills.
You are immune to clouds of flame.


Message History

The slime creature is heavily wounded.
The slime creature hits you!
* * * LOW HITPOINT WARNING * * *
You slash the slime creature! You kick the slime creature.
The slime creature is severely wounded.
The slime creature hits you.
* * * LOW HITPOINT WARNING * * *
The slime creature hits you.
* * * LOW HITPOINT WARNING * * *
Unknown command.
You slash the slime creature! You kick the slime creature!
The slime creature is almost dead.
The slime creature barely misses you. The slime creature misses you.
Unknown command.
You hit the slime creature.
Lightning courses through the slime creature!
You kill the slime creature!
Okawaru accepts your kill. The slime creature hits you!
You die...

...........#
####.......#
#.....#....#
#.....+....#
#.....#J...# #
#.....'....#
#..#######....#
#......J......#
#......@......#
#.............#
#.............#
######..........
#....#######
#....# #....#
#....#


You could see a slime creature.

Vanquished Creatures
  Fannar (D:10)
  Josephine (D:10)
  3 two-headed ogres
  An orc knight (D:11)
  A centaur skeleton (D:10)
  A gargoyle (D:10)
  2 trolls
  A hornet (D:9)
  10 slime creatures
  Prince Ribbit (D:5)
  2 shadows (D:11)
  3 wyverns (D:9)
  A vampire (D:9)
  4 wraiths
  Eustachio (D:5)
  Grum (D:10)
  A steam dragon (D:8)
  Duvessa (D:6)
  An acid dragon (D:9)
  A water moccasin (D:8)
  11 orc warriors
  3 phantoms
  5 sky beasts
  A black bear (D:9)
  2 ice beasts
  A hornet zombie (D:7)
  4 ogres
  4 wolves (D:10)
  11 centaurs
  5 crocodiles
  A big kobold (D:10)
  Blork the orc (D:6)
  4 bullfrogs
  Dowan (D:6)
  3 scorpions
  3 killer bees
  3 howler monkeys
  3 bullfrog zombies (Ossuary)
  6 centaur zombies
  3 jellies
  5 hounds
  A gnoll shaman (D:5)
  4 orc priests
  Crazy Yiuf (D:6)
  11 orc wizards
  A bullfrog skeleton (D:7)
  Natasha (thrice) (D:4)
  3 iguanas
  9 worker ants
  A killer bee zombie (D:9)
  A hound zombie (D:6)
  A hound skeleton (D:7)
  20 mummies
  A howler monkey zombie (Ossuary)
  3 worker ant zombies (Ossuary)
  Robin (D:4)
  10 gnolls
  12 adders
  4 white imps
  An ufetubus (D:10)
  2 oozes
  An adder skeleton (D:5)
  An adder zombie (Ossuary)
  5 worms
  A dart slug (D:1)
  5 leopard geckos
  52 orcs
  10 bats
  5 giant cockroaches
  17 goblins
  10 hobgoblins
  A jackal (D:3)
  5 quokkas
  A ball python zombie (Ossuary)
  2 frilled lizards
  A goblin zombie (D:8)
  2 jackal zombies
  17 kobolds
  A leopard gecko zombie (Ossuary)
  An orc zombie (D:8)
  2 quokka skeletons
  7 rats
355 creatures vanquished.

Vanquished Creatures (others)
  6 withered plants (Ossuary)
6 creatures vanquished.

Grand Total: 361 creatures vanquished

Notes
Turn   | Place    | Note
-------+----------+-------------------------------------------
     0 | D:1      | grandjackal the Demonspawn Gladiator began the quest for
                  | the Orb.
     0 | D:1      | Reached XP level 1. HP: 16/16 MP: 1/1
   139 | D:1      | Gained mutation: You have large cloven feet. [demonic
                  | ancestry]
   139 | D:1      | Reached XP level 2. HP: 22/22 MP: 2/2
   550 | D:2      | Gained mutation: You are partially covered in rugged brown
                  | scales. (AC +1, +3% HP) [demonic ancestry]
   550 | D:2      | Reached XP level 3. HP: 23/28 MP: 3/3
   982 | D:2      | Found a shadowy altar of Dithmenos.
  1014 | D:2      | Reached skill level 1 in Armour
  1254 | D:2      | Gained mutation: You regenerate a little health from kills.
                  | [demonic ancestry]
  1254 | D:2      | Reached XP level 4. HP: 35/35 MP: 4/4
  1294 | D:2      | Found a sparkling altar of Nemelex Xobeh.
  2367 | D:3      | Noticed a centaur
  2377 | D:3      | Killed a centaur
  2377 | D:3      | Gained mutation: Your flesh is heat resistant. (rF+)
                  | [demonic ancestry]
  2377 | D:3      | Reached XP level 5. HP: 28/42 MP: 5/5
  2661 | D:3      | Gained mutation: You regenerate health from kills. [demonic
                  | ancestry]
  2661 | D:3      | Reached XP level 6. HP: 48/48 MP: 6/6
  3159 | D:4      | Noticed Natasha
  3164 | D:4      | Killed Natasha
  3423 | D:4      | Noticed Natasha
  3429 | D:4      | Killed Natasha
  3446 | D:4      | Identified the +3 helmet of Purpose {Harm rC++ Dex+5}
  3446 | D:4      | Noticed Robin
  3483 | D:4      | Killed Robin
  3664 | D:4      | Reached XP level 7. HP: 47/55 MP: 7/7
  3804 | D:4      | Noticed Natasha
  3815 | D:4      | Killed Natasha
  3858 | D:5      | Entered Level 5 of the Dungeon
  4540 | D:5      | Noticed Eustachio
  4543 | D:5      | Found a staircase to the Ecumenical Temple.
  4550 | Temple   | Entered the Ecumenical Temple
  4563 | Temple   | Became a worshipper of Warmaster Okawaru
  4836 | D:5      | Killed Eustachio
  4836 | D:5      | Reached skill level 5 in Long Blades
  4836 | D:5      | Reached skill level 5 in Dodging
  4950 | D:5      | Noticed Prince Ribbit
  4972 | D:5      | Killed Prince Ribbit
  4972 | D:5      | Reached * piety under Okawaru
  4972 | D:5      | Reached skill level 5 in Fighting
  4972 | D:5      | Reached XP level 8. HP: 38/63 MP: 8/8
  5888 | D:6      | Noticed Blork the orc
  5895 | D:6      | Killed Blork the orc
  5896 | D:6      | Noticed Dowan
  5898 | D:6      | Noticed Duvessa
  5907 | D:6      | Killed Duvessa
  5907 | D:6      | Reached skill level 1 in Invocations
  5912 | D:6      | Killed Dowan
  5912 | D:6      | Reached ** piety under Okawaru
  6004 | D:6      | Reached skill level 2 in Invocations
  6262 | D:6      | Found a runed translucent door.
  6263 | D:6      | Noticed Crazy Yiuf
  6270 | D:6      | Killed Crazy Yiuf
  6270 | D:6      | Reached XP level 9. HP: 61/71 MP: 10/10
  6370 | D:7      | Reached skill level 5 in Armour
  6658 | D:7      | Found a flagged portal.
  6684 | Bailey   | Entered a bailey
  6731 | Bailey   | Reached skill level 3 in Invocations
  6748 | Bailey   | Found a bloodstained altar of Trog.
  7429 | D:8      | Noticed a two-headed ogre
  7435 | D:8      | Reached skill level 4 in Invocations
  7443 | D:8      | Killed a two-headed ogre
  7443 | D:8      | Reached *** piety under Okawaru
  7443 | D:8      | Reached skill level 5 in Invocations
  7472 | D:8      | Found Tuinuxe's Elemental Accessories.
  7610 | D:8      | Gained mutation: You are mostly covered in rugged brown
                  | scales. (AC +2, +5% HP) [demonic ancestry]
  7610 | D:8      | Reached XP level 10. HP: 71/82 MP: 14/14
  7642 | D:8      | Found a sand-covered staircase.
  7650 | Ossuary  | Entered an ossuary
  7838 | Ossuary  | Reached skill level 6 in Invocations
  7866 | Ossuary  | Reached **** piety under Okawaru
  8228 | D:8      | Noticed a two-headed ogre
  8240 | D:8      | Killed a two-headed ogre
  8242 | D:8      | Received a gift from Okawaru
  8333 | D:8      | Found Diopty's Gadget Emporium.
  8645 | D:8      | Reached skill level 7 in Invocations
  9093 | D:9      | Found an ancient bone altar of Kikubaaqudgha.
  9153 | D:9      | Paralysed by a hornet for 3 turns
  9678 | D:9      | Reached skill level 1 in Bows
  9952 | D:9      | Reached ***** piety under Okawaru
  9953 | D:9      | Reached skill level 8 in Invocations
  9977 | D:9      | Found a staircase to the Lair.
 10156 | D:10     | Entered Level 10 of the Dungeon
 10177 | D:10     | Gained mutation: You regenerate a lot of health from kills.
                  | [demonic ancestry]
 10177 | D:10     | Reached XP level 11. HP: 91/91 MP: 17/17
 10347 | D:10     | Noticed Grum
 10363 | D:10     | Killed Grum
 10415 | D:10     | Noticed Fannar
 10440 | D:10     | Killed Fannar
 10440 | D:10     | Received a gift from Okawaru
 10526 | D:10     | Noticed Josephine
 10539 | D:10     | Killed Josephine
 10539 | D:10     | Reached skill level 9 in Invocations
 11081 | D:11     | Received a gift from Okawaru
 11293 | D:11     | Noticed a two-headed ogre
 11302 | D:11     | Killed a two-headed ogre
 11468 | D:11     | Noticed an orc knight
 11570 | D:11     | Killed an orc knight
 11584 | D:11     | Gained mutation: You are immune to clouds of flame.
                  | [demonic ancestry]
 11584 | D:11     | Reached XP level 12. HP: 101/101 MP: 19/19
 11593 | D:11     | Reached skill level 10 in Invocations
 11599 | D:11     | Found a roughly hewn altar of Beogh.
 11822 | D:12     | Slain by a slime creature

Illustrated notes

Levels and vault maps discovered:
D:1:      erik_arrival_triangle_large, layout_basic
D:2:      layout_basic, grunt_dithmenos_smoke, dk_noncrumbling_4,
          hangedman_decor_push, nemelex_xobeh_ov_fountains_minmay
D:3:      minmay_thinvault, layout_loops_ring
D:4:      layout_rooms, minmay_misc_feat_four_crosses, uniq_robin, uniq_natasha
D:5:      layout_basic, minmay_temple_entry_crystal_x, uniq_prince_ribbit1,
          uniq_eustachio
D:6:      layout_cave_pools, serial_bayou_crossing, uniq_crazy_yiuf_cottage,
          uniq_duvessa, uniq_blork_the_orc
D:7:      layout_basic, enter_bailey_3
D:8:      layout_basic, serial_shops, shop, nicolae_ossuary_entry_giza,
          nicolae_elemental_shop, minmay_between
D:9:      layout_loops_ring, erik_lair_dragon, basic_altar
D:10:     layout_cave_pools, uniq_fannar, uniq_grum, uniq_josephine
D:11:     layout_roguey, special_room [special_room_orc]
D:12:     layout_irregular_city, erik_orc_2, serial_column_ruins,
          column_ruins_open_small, column_ruins_open_large,
          column_ruins_columns_straight, uniq_jorgrun
Temple:   grunt_wide_crystal_templ

Skill      XL: |  1  2  3  4  5  6  7  8  9 10 11 12 |
---------------+-------------------------------------+-----
Long Blades    | 3 4 5 7 8 9 |  9.3
Dodging        | 3 4 5 6 7 8 9 |  9.3
Armour         | 1 2 4 5 |  5.4
Fighting       | 3 4 5 6 7 8 9 |  9.8
Invocations    | 2 5 8 9 10 | 10.1
Bows           | 1 4 |  4.4
Throwing       | |  1.7

Action                   |  1- 3 |  4- 6 |  7- 9 | 10-12 || total
-------------------------+-------+-------+-------+-------++-------
Melee: Long sword        |    72 |   164 |   190 |    95 ||   521
       Kick              |    15 |    59 |   183 |   318 ||   575
       Scimitar          |       |       |   149 |   448 ||   597
       Punch             |       |       |       |     5 ||     5
Throw: Throwing net      |       |       |       |     1 ||     1
Invok: Heroism           |       |       |     4 |     5 ||     9
       Finesse           |       |       |       |     2 ||     2
Evoke: Tin of tremorston |       |       |       |     2 ||     2
  Use: Scroll            |       |       |    20 |     7 ||    27
       Potion            |       |       |       |     2 ||     2
 Stab: Distracted        |       |       |       |     2 ||     2
       Held in net/web   |       |       |       |     2 ||     2
       Sleeping          |       |       |       |     1 ||     1
Armor: Scale mail        |    33 |    69 |   199 |       ||   301
       Leather armour    |     1 |       |    19 |   117 ||   137
       Skin              |       |       |     2 |       ||     2
       Ice dragon scales |       |       |       |    13 ||    13
Dodge: Dodged            |    42 |   104 |   364 |   584 ||  1094
       Rpst.: Long sword |    12 |    34 |    42 |    27 ||   115
       Scimitar          |       |       |    39 |   128 ||   167

Table legend: (Time is in decaauts)
 A = Elapsed time spent in this place.
 B = Non-inter-level travel time spent in this place.
 C = Inter-level travel time spent in this place.
 D = Time resting spent in this place.
 E = Time spent auto-exploring this place.
 F = Levels seen in this place.
 G = Mean time per level.
                   A        B        C        D        E       F      G
               +--------+--------+--------+--------+--------+-----+--------+
         Total |  11885 |  11412 |    473 |   1875 |   7004 |  15 |  792.3 |
       Dungeon |  11083 |  10623 |    460 |   1598 |   6876 |  12 |  923.6 |
        Temple |    229 |    216 |     13 |    200 |      0 |   1 |  229.0 |
       Ossuary |    391 |    391 |      0 |      0 |    125 |   1 |  391.0 |
        Bailey |    181 |    181 |      0 |     77 |      3 |   1 |  181.0 |
               +--------+--------+--------+--------+--------+-----+--------+

Top non-repeatable levels by time:
     D:5: 1486 daAuts
     D:2: 1430 daAuts
     D:9: 1290 daAuts
     D:3: 1100 daAuts
     D:8: 1074 daAuts
     D:7: 921 daAuts
    D:10: 789 daAuts
     D:6: 779 daAuts
    D:11: 774 daAuts
     D:4: 726 daAuts
     D:1: 673 daAuts
 Ossuary: 391 daAuts
  Temple: 229 daAuts
  Bailey: 181 daAuts
    D:12: 35 daAuts
